 Dungeon Crawl Stone Soup version 0.28-a0-1447-ga5a8893891 (webtiles) character file.

Game seed: 1348638104765563510

233 hashsling the Sneak (level 5, -2/28 HPs)
             Began as a Deep Elf Enchanter on Jan 11, 2022.
             Shot with an arrow by a centaur (5 damage)
             ... on level 3 of the Dungeon.
             The game lasted 00:10:11 (2436 turns).

hashsling the Sneak (Deep Elf Enchanter)            Turns: 2436, Time: 00:10:12

Health: -2/28      AC:  3    Str:  5    XL:     5   Next: 75%
Magic:  4/20       EV: 13    Int: 20    God:
Gold:   86         SH:  0    Dex: 17    Spells: 2/10 levels left

rFire   . . .      SeeInvis .   m - +0 dagger (drain)
rCold   . . .      Faith    .   (no shield)
rNeg    . . .      Spirit   .   g - +0 robe
rPois   .          Reflect  .   (no helmet)
rElec   .          Harm     .   (no cloak)
rCorr   .          Rampage  .   k - +0 pair of gloves
Will    .....                   (no boots)
Stlth   ++++......              (no amulet)
HPRegen 0.09/turn               e - ring of magical power
MPRegen 0.17/turn               (no ring)

@: no status effects
A: no striking features
a: no special abilities


You were on level 3 of the Dungeon.
You visited 1 branch of the dungeon, and saw 3 of its levels.

You collected 86 gold pieces.

Inventory:

Hand Weapons
 m - a +0 dagger of draining (weapon)
Missiles
 b - 13 poisoned darts (quivered)
Armour
 f - a +0 buckler
 g - a +0 robe (worn)
 k - a +0 pair of gloves (worn)
Jewellery
 e - a ring of magical power (left hand)
 l - a ring of flight
Scrolls
 a - 2 scrolls of vulnerability {unknown}
 c - a scroll of acquirement {unknown}
 d - a scroll of blinking {unknown}
 h - a scroll of teleportation {unknown}
 j - a scroll of noise {unknown}
 n - 2 scrolls of identify {unknown}
Potions
 i - 2 potions of mutation {unknown}


   Skills:
 - Level 1.0 Short Blades
 - Level 2.4 Dodging
 + Level 6.7 Stealth
 - Level 3.0 Spellcasting
 * Level 6.5 Hexes


You had 2 spell levels left.
You knew the following spells:

 Your Spells              Type           Power      Damage    Failure   Level
a - Ensorcelled Hibernat  Hex/Ice        32%        N/A       5%          2
b - Confusing Touch       Hex            29%        N/A       3%          3
c - Tukima's Dance        Hex            29%        N/A       3%          3

Your spell library contained the following spells:

 Spells                   Type           Power      Damage    Failure   Level
 Dazzling Flash           Conj/Hex       32%        N/A       11%         3


Dungeon Overview and Level Annotations

Branches:
Dungeon (3/15)

Altars:
Zin

Shops:
D:1 *   D:3 *


Message History

You kill the orc wizard!
Things that are here:
a +0 quarterstaff; a +0 robe; a ring of flight
l - a ring of flight The orc hits you from afar with a +0 trident.
Casting: Ensorcelled Hibernation (safe; 6% risk of failure)
Confirm with . or Enter, or press ? or * to list all spells.
Aiming: Ensorcelled Hibernation (safe; 6% risk of failure)
Press: ? - help, Shift-Dir - straight line, f - orc
Aim: an orc, wielding a +0 trident and wearing a +0 leather armour (chance to affect: 66%)
The orc struggles to resist.
The orc misses you.
Casting: Ensorcelled Hibernation (safe; 6% risk of failure)
Confirm with . or Enter, or press ? or * to list all spells.
Aiming: Ensorcelled Hibernation (safe; 6% risk of failure)
Press: ? - help, Shift-Dir - straight line, f/p - orc
Aim: an orc, wielding a +0 trident and wearing a +0 leather armour (chance to affect: 66%)
The orc looks drowsy...
You see here a quokka corpse.
The helpless orc fails to defend itself.
You impale the orc!!
You kill the orc!
The centaur shoots an arrow.
The arrow barely misses you.
Casting: Ensorcelled Hibernation (safe; 5% risk of failure)
Confirm with . or Enter, or press ? or * to list all spells.
Aiming: Ensorcelled Hibernation (safe; 5% risk of failure)
Press: ? - help, Shift-Dir - straight line, f - centaur
Aim: a centaur, wielding a +0 shortbow and quivering arrows (chance to affect: 50%)
The centaur resists with some effort.
The centaur shoots an arrow.
The arrow completely misses you.
The centaur shoots an arrow.
The arrow hits you.
* * * LOW HITPOINT WARNING * * *
You hear a shout!
Casting: Ensorcelled Hibernation (safe; 5% risk of failure)
Confirm with . or Enter, or press ? or * to list all spells.
Aiming: Ensorcelled Hibernation (safe; 5% risk of failure)
Press: ? - help, Shift-Dir - straight line, f/p - centaur
Aim: a centaur, wielding a +0 shortbow and quivering arrows (chance to affect: 50%)
The centaur resists with some effort.
The centaur shoots an arrow.
The arrow hits you.
You die...

#....###...#.#...###...
#...#...#...#...#...#..
#..#.....#..#..#.....#.
#......†..#####...........o.
#..#.....#..#..#.....#....o.
#...#...#...#...#.. #.......
#....###...#.#.c.###...o.o
#...# #..#...#).#..#....
#..# .###....@###...#o# ..
#. #...))#..#....#
...#.....#...#o..#
..#.#...#.#......#
.#...#.#...#.....#
.................#
............#######
##############


You could see a centaur.

Vanquished Creatures
  A necrophage (D:2)
  An iguana (D:3)
  2 orc wizards (D:3)
  3 adders
  A worm (D:2)
  A dart slug (D:2)
  An orc (D:3)
  3 bats
  4 endoplasms
  4 giant cockroaches
  5 goblins
  3 hobgoblins (D:2)
  7 quokkas
  4 ball pythons
  A frilled lizard (D:2)
  A kobold (D:1)
  5 rats
47 creatures vanquished.

Notes
Turn   | Place    | Note
-------+----------+-------------------------------------------
     0 | D:1      | hashsling the Deep Elf Enchanter began the quest for the
                  | Orb.
     0 | D:1      | Reached XP level 1. HP: 10/10 MP: 6/6
   504 | D:1      | Found Haaq's Assorted Antiques.
   555 | D:1      | Reached XP level 2. HP: 3/15 MP: 8/8
   806 | D:1      | Learned a level 2 spell: Ensorcelled Hibernation
  1402 | D:2      | Reached skill level 5 in Stealth
  1495 | D:2      | Reached XP level 3. HP: 19/19 MP: 9/9
  2100 | D:3      | Reached skill level 5 in Hexes
  2100 | D:3      | Reached XP level 4. HP: 24/24 MP: 10/10
  2131 | D:3      | Noticed a necrophage
  2205 | D:2      | Killed a necrophage
  2206 | D:2      | Reached XP level 5. HP: 28/28 MP: 11/11
  2249 | D:3      | Learned a level 3 spell: Confusing Touch
  2253 | D:3      | Learned a level 3 spell: Tukima's Dance
  2303 | D:3      | Found Zin's Purification Station.
  2306 | D:3      | Found a glowing silver altar of Zin.
  2344 | D:3      | Noticed a centaur
  2436 | D:3      | Shot with an arrow by a centaur

Illustrated notes

Levels and vault maps discovered:
D:1:      lemuel_arrival_tunnels, layout_basic, serial_shops, shop
D:2:      layout_loops_ring, skrybe_limestone_x
D:3:      layout_rooms, zin_purify, mainiacjoe_overflow_alcove_2,
          basic_ecumenical_altar, minmay_splitting_lines

Skill      XL: |  1  2  3  4  5 |
---------------+----------------+-----
Stealth        | 4 5 6 |  6.7
Hexes          | 5 6 |  6.5
Short Blades   | |  1.0
Dodging        | |  2.4
Spellcasting   | |  3.0

Action                   |  1- 3 |  4- 6 || total
-------------------------+-------+-------++-------
Melee: Dagger            |    77 |    18 ||    95
       Punch             |     1 |       ||     1
 Cast: Ensorcelled Hiber |    18 |    11 ||    29
  Use: Potion            |     1 |     2 ||     3
 Stab: Sleeping          |    23 |     8 ||    31
       Distracted        |     1 |       ||     1
Armor: Robe              |    11 |       ||    11
Dodge: Dodged            |    46 |     9 ||    55

Table legend: (Time is in decaauts)
 A = Elapsed time spent in this place.
 B = Non-inter-level travel time spent in this place.
 C = Inter-level travel time spent in this place.
 D = Time resting spent in this place.
 E = Time spent auto-exploring this place.
 F = Levels seen in this place.
 G = Mean time per level.
                   A        B        C        D        E       F      G
               +--------+--------+--------+--------+--------+-----+--------+
         Total |   2447 |   2376 |     71 |    286 |   1474 |   3 |  815.7 |
       Dungeon |   2447 |   2376 |     71 |    286 |   1474 |   3 |  815.7 |
               +--------+--------+--------+--------+--------+-----+--------+

Top non-repeatable levels by time:
     D:1: 1302 daAuts
     D:2: 869 daAuts
     D:3: 275 daAuts
